 Dungeon Crawl Stone Soup version 0.21.1-1-g345015f (webtiles) character file.

984 Eggbaby the Changer (level 8, -3/72 HPs)
             Began as an Octopode Transmuter on July 1, 2018.
             Was an Initiate of Qazlal.
             Slain by a centaur (10 damage)
             ... on level 5 of the Dungeon.
             The game lasted 00:27:05 (5153 turns).

Eggbaby the Changer (Octopode Transmuter)           Turns: 5153, Time: 00:27:08

Health: -3/72      AC:  1    Str: 14    XL:     8   Next: 17%
Magic:  11/11      EV: 13    Int: 18    God:    Qazlal [......]
Gold:   243        SH:  0    Dex: 12    Spells: 2/11 levels left

rFire    . . .     SeeInvis .   o - staff of wizardry
rCold    . . .     Gourm    .   (no shield)
rNeg     . . .     Faith    .   (helmet restricted)
rPois    +         Spirit   .   j - amulet of rage
rElec    .         Reflect  .   h - ring of poison resistance
rCorr    .         Harm     .   (no ring)
MR       .....                  (no ring)
Stlth    ..........             (no ring)
HPRegen  0.22/turn              (no ring)
MPRegen  0.12/turn              (no ring)
                                (no ring)
                                (no ring)

@: berserking (expiring), appendage, very quick
A: almost no armour, stealthy swim, amphibious, 8 rings, constrict 8, tentacle
spike 3, camouflage 1, gelatinous body 1
a: End Transformation, Renounce Religion, Evoke Berserk Rage


You were on level 5 of the Dungeon.
You worshipped Qazlal.
Qazlal was noncommittal.
You were not hungry.
One of your tentacles had a temporary spike.
You visited 1 branch of the dungeon, and saw 5 of its levels.

You collected 243 gold pieces.

Inventory:

Missiles
 a - 19 arrows
 q - 5 poisoned needles
Magical Staves
 o - an uncursed staff of wizardry (weapon)
Jewellery
 h - a ring of poison resistance (left tentacle)
 j - an amulet of rage (around mantle)
Wands
 p - a wand of polymorph (13)
Scrolls
 d - a scroll of amnesia {unknown}
 e - a scroll of noise {unknown}
 f - a scroll of fog
 g - a scroll of fear
 n - a scroll of blinking {unknown}
 t - a scroll of teleportation
Potions
 i - a potion of agility
 k - a potion of ambrosia {unknown}
 l - a potion of lignification {unknown}
 m - 2 potions of curing
 r - 2 potions of resistance
Books
 b - a book of Changes

   Spells                             Type                      Level
   a - Beastly Appendage              Transmutation                1
   b - Sticks to Snakes               Transmutation                2
   c - Spider Form                    Transmutation/Poison         3
   d - Ice Form                       Ice/Transmutation            4
   e - Blade Hands                    Transmutation                5
Comestibles
 c - 6 rations


   Skills:
 - Level 1.0 Fighting
 - Level 2.0 Dodging
 - Level 4.0 Unarmed Combat
 - Level 2.0 Spellcasting
 * Level 7.1 Transmutations
 - Level 4.0 Poison Magic
 * Level 4.2 Evocations


You had 2 spell levels left.
You knew the following spells:

 Your Spells              Type           Power        Failure   Level  Hunger
a - Beastly Appendage     Tmut           ####..       1%          1    #......
b - Spider Form           Tmut/Pois      ###.......   2%          3    ###....
c - Blade Hands           Tmut           ####......   11%         5    ######.


Dungeon Overview and Level Annotations

Branches:
Dungeon (5/15)
 Temple: D:4-7

Altars:
Hepliaklqana
Qazlal
Ru
Trog
Yredelemnul
Zin

Annotations:
D:4 Steadysplat's ghost, amateur HOFi


Innate Abilities, Weirdness & Mutations

You cannot wear most types of armour.
You are very stealthy in the water. (Stealth+)
You are amphibious.
You can wear up to eight rings at the same time.
You can use your tentacles to constrict eight enemies at once.
Your skin changes colour to match your surroundings (Stealth+).
Your rubbery body absorbs attacks. (AC +1, EV +1)
One of your tentacles bears a large vicious spike.


Message History

Okay, then.
Okay, then.
A red film seems to cover your vision as you go berserk!
You feel yourself moving faster!
You feel mighty!
The centaur zaps a wand.
You struggle to resist.
It is a wand of disintegration (15).
You feel a strong urge to attack something.
The centaur wields a shortbow.
The centaur shoots an arrow.
The arrow hits you!
Items here: ! $ (( ) [ † The centaur unwields an uncursed shortbow.
The centaur hits you!
* * * LOW HITPOINT WARNING * * *
You barely miss the centaur.
The centaur zaps a wand.
You are blasted!
* * * LOW HITPOINT WARNING * * *
You hit the centaur.
Your tentacle spike misses the centaur.
You squeeze the centaur!
The centaur is severely wounded.
The centaur hits you.
* * * LOW HITPOINT WARNING * * *
The centaur hits you!
You die...

#..#..#..#..#..##.##
#.Zo..#.....#..##.# #
#oo...#.....#..##.#
####################..##.#
......................##.#
..........))..........##.#
####################..##.#
# ....a#....a#.c...#..##.#
#...%..#.....#..@..#†.##.#
#'###..#..#..#..#(†#..##.#
# #..#..#..#..#..#..##.# #
#.....#.....#.....##.# #
#.... #.....#...(.##.#
########################.##
..........................#
##################.########
#.#


You could see a centaur.

Vanquished Creatures
  A hippogriff (D:5)
  A water moccasin (D:5)
  A phantom (D:5)
  2 scorpions
  A howler monkey (D:5)
  A crimson imp (D:5)
  2 hounds (D:5)
  2 orc priests
  A bullfrog skeleton (D:5)
  An orc wizard (D:4)
  An iguana (D:5)
  5 worker ants
  A worker ant zombie (D:5)
  2 adders
  A gnoll (D:5)
  2 adder skeletons (D:4)
  3 worms
  A dart slug (D:1)
  3 leopard geckos
  8 orcs
  7 bats
  4 giant cockroaches
  2 gnoll zombies (D:2)
  4 goblins
  8 hobgoblins
  2 quokkas (D:5)
  4 frilled lizards
  A jackal skeleton (D:5)
  4 kobolds
  7 rats
83 creatures vanquished.

Notes
Turn   | Place    | Note
-------+----------+-------------------------------------------
     0 | D:1      | Eggbaby the Octopode Transmuter began the quest for the Orb.
     0 | D:1      | Reached XP level 1. HP: 13/13 MP: 3/3
   144 | D:1      | Reached XP level 2. HP: 13/18 MP: 1/5
   586 | D:1      | Reached XP level 3. HP: 18/23 MP: 4/6
   680 | D:2      | Learned a level 3 spell: Spider Form
  1309 | D:2      | Found a basalt altar of Yredelemnul.
  1534 | D:3      | Noticed a scorpion
  1540 | D:3      | Killed a scorpion
  1540 | D:3      | Reached skill level 3 in Transmutations
  1540 | D:3      | Reached skill level 1 in Poison Magic
  1540 | D:3      | Reached XP level 4. HP: 28/28 MP: 5/7
  1744 | D:3      | Reached skill level 4 in Transmutations
  1744 | D:3      | Reached XP level 5. HP: 32/33 MP: 1/8
  1947 | D:3      | Found a stormy altar of Qazlal.
  1956 | D:3      | Became a worshipper of Qazlal Stormbringer
  2267 | D:4      | Reached skill level 1 in Evocations
  2317 | D:4      | Reached XP level 6. HP: 11/38 MP: 7/9
  2584 | D:4      | Noticed Steadysplat's ghost (amateur HOFi)
  3141 | D:4      | Found a hazy altar of Hepliaklqana.
  3281 | D:4      | Found a glowing silver altar of Zin.
  3494 | D:5      | Entered Level 5 of the Dungeon
  3534 | D:5      | Learned a level 5 spell: Blade Hands
  3829 | D:5      | Noticed a water moccasin
  3837 | D:5      | Killed a water moccasin
  3837 | D:5      | Reached skill level 5 in Transmutations
  3837 | D:5      | Reached XP level 7. HP: 43/43 MP: 8/10
  4288 | D:5      | Found a bloodstained altar of Trog.
  4288 | D:5      | Found a sacrificial altar of Ru.
  4599 | D:5      | Reached skill level 6 in Transmutations
  4901 | D:5      | Noticed a hippogriff
  4909 | D:5      | Killed a hippogriff
  4909 | D:5      | Reached skill level 7 in Transmutations
  4909 | D:5      | Reached XP level 8. HP: 41/48 MP: 7/11
  5153 | D:5      | Slain by a centaur

Skill      XL: |  1  2  3  4  5  6  7 |
---------------+----------------------+-----
Unarmed Combat | 4 |  4.0
Transmutations | 3 4 5 7 |  7.1
Poison Magic   | 1 3 4 |  4.0
Evocations     | 1 3 4 |  4.2
Fighting       | |  1.0
Dodging        | |  2.0
Spellcasting   | |  2.0

Action                   |  1- 3 |  4- 6 |  7- 9 || total
-------------------------+-------+-------+-------++-------
Melee: Unarmed           |    61 |    44 |    27 ||   132
       Kick              |    19 |    22 |    12 ||    53
       Constrict         |    21 |    17 |    12 ||    50
       Tentacles         |    10 |    17 |    12 ||    39
       Punch             |     3 |     1 |       ||     4
       Staff             |       |    46 |    47 ||    93
       Quarterstaff      |       |     6 |       ||     6
 Cast: Beastly Appendage |    22 |    19 |     7 ||    48
       Spider Form       |       |     3 |     3 ||     6
 Abil: Evoke Berserk Rag |       |     2 |     2 ||     4
  Use: Scroll            |     8 |     3 |     1 ||    12
       Potion            |     1 |       |     3 ||     4
 Stab: Sleeping          |     1 |     4 |     1 ||     6
  Eat: Chunk             |     2 |     9 |       ||    11
       Ration            |       |       |     3 ||     3
Armor: Skin              |     6 |     5 |     2 ||    13
Dodge: Dodged            |    29 |    60 |    40 ||   129
